Map: Heavy Artillery LE

Players

andjey

  • Race: Protoss Protoss
  • Spawn Location: 7:00

DedMazay

  • Race: Zerg Zerg
  • League: Diamond
  • Spawn Location: 7:00

qqq - Winner!

  • Race: Zerg Zerg
  • League: Platinum
  • Spawn Location: 3:00

Massa - Winner!

  • Race: Terran Terran
  • League: Platinum
  • Spawn Location: 1:00

VOD

Have the link to the VOD?

Description

Time

  • Played on: Nov. 25, 2020, 4:15 p.m.
  • Length: 19:29
Show
View Real Time Build Order
Export as new Build Order

andjey Protoss 

Build Orders: 1 Gate Expand, Oracle Opening, Phoenix Opening, Carriers 

Get SALT Encoding   

  12  0:01  Probe  
  13  0:20  Pylon  
  13  0:22  Probe (Chrono Boost)  
  14  0:32  Probe (Chrono Boost)  
  15  0:37  Probe (Chrono Boost)  
  16  0:46  Gateway  
  16  0:49  Probe  
  17  0:54  Assimilator  
  17  0:56  Assimilator  
  17  1:01  Probe  
  18  1:22  Probe  
  19  1:34  Cybernetics Core  
  19  1:37  Probe  
  20  1:42  Nexus  
  20  1:52  Probe  
  21  1:55  Zealot  
  23  2:06  Pylon  
  23  2:16  Stargate  
  23  2:37  Warp Gate  
  23  2:38  Probe  
  23  2:43  Pylon  
  24  2:50  Probe  
  25  2:58  Assimilator  
  25  3:02  Probe  
  25  3:04  Probe, Phoenix (Chrono Boost)  
  25  3:05  Assimilator  
  29  3:16  Probe  
  30  3:28  Probe  
  30  3:29  Oracle (Chrono Boost)  
  30  3:30  Pylon  
  33  3:37  Pylon  
  33  3:40  Probe  
  34  3:41  Gateway  
  34  3:43  Assimilator  
  34  3:46  Probe  
  34  3:47  Assimilator  
  35  3:58  Void Ray (Chrono Boost)  
  39  4:18  Probe  
  39  4:19  Probe  
  41  4:24  Stargate  
  41  4:30  Probe  
  41  4:31  Probe  
  43  4:43  Probe x2  
  43  4:55  Probe x2  
  45  5:07  Probe  
  46  5:41  Void Ray  
  46  5:45  Probe  
  46  5:46  Probe  
  52  5:57  Probe  
  52  5:58  Probe  
  54  6:10  Probe  
  55  6:18  Probe, Void Ray  
  55  6:22  Probe  
  61  6:27  Void Ray  
  61  6:30  Probe  
  58  6:34  Probe  
  63  6:43  Probe  
  55  6:48  Zealot  
  55  6:49  Zealot  
  55  6:54  Pylon  
  59  6:59  Void Ray  
  59  7:02  Pylon  
  59  7:04  Pylon  
  59  7:06  Void Ray (Chrono Boost)  
  61  7:13  Nexus  
  65  7:16  Assimilator  
  65  7:18  Assimilator  
  65  7:19  Forge  
  65  7:20  Pylon  
  65  7:21  Forge  
  65  7:23  Pylon  
  65  7:24  Gateway  
  65  7:26  Twilight Council  
  65  7:29  Fleet Beacon  
  65  7:42  Phoenix (Chrono Boost)  
  67  7:46  Probe x2  
  67  7:47  Phoenix (Chrono Boost)  
  67  7:50  Stalker x2  
  75  7:56  Photon Cannon  
  75  8:16  Gateway  
  75  8:17  Gateway  
  75  8:20  Gateway, Protoss Ground Weapons Level 1  
  75  8:22  Dark Shrine  
  75  8:24  Photon Cannon, Protoss Ground Armor Level 1  
  75  8:26  Photon Cannon  
  75  8:27  Pylon  
  75  8:28  Pylon  
  75  8:29  Shield Battery  
  75  8:30  Phoenix (Chrono Boost)  
  75  8:31  Phoenix (Chrono Boost)  
  79  8:47  Protoss Air Weapons Level 1 (Chrono Boost)  
  79  9:06  Tempest  
  79  9:07  Tempest  
  89  9:13  Stalker  
  89  9:14  Stalker  
  89  9:15  Stalker  
  95  9:53  Probe x3  
  95  9:54  Tempest x2  
  108  10:00  Templar Archives  
  108  10:03  Pylon, Dark Templar  
  108  10:04  Dark Templar  
  108  10:05  Pylon  
  112  10:07  Dark Templar  
  114  10:37  Tempest  
  105  10:46  Void Ray  
  93  11:06  Nexus  
  93  11:10  Assimilator x2  
  85  11:14  Void Ray (Chrono Boost)  
  85  11:28  Tempest (Chrono Boost)  
  85  11:46  Protoss Ground Weapons Level 2 (Chrono Boost)  
  85  11:54  Tempest (Chrono Boost)  
  85  12:00  Protoss Air Armor Level 1 (Chrono Boost)  
  90  12:01  Tempest (Chrono Boost)  
  90  12:03  Protoss Ground Armor Level 2 (Chrono Boost)  
  95  12:14  Pylon  
  91  12:17  Pylon  
  91  12:20  Pylon  
  91  12:25  Flux Vanes  
  91  12:27  Carrier (Chrono Boost)  
  91  12:29  Zealot x2  
  101  12:30  Zealot x3  
  101  12:36  Carrier (Chrono Boost)  
  107  12:44  Dark Templar  
  112  12:51  Dark Templar x2  
  112  12:57  Probe  
  116  13:00  Photon Cannon  
  116  13:02  Photon Cannon  
  116  13:03  Shield Battery  
  116  13:09  Probe  
  96  13:26  Carrier (Chrono Boost)  
  73  13:29  Stalker x3  
  73  13:30  Stalker x3  
  80  13:35  Carrier (Chrono Boost)  
  86  13:47  Shield Battery  
  86  13:48  Shield Battery  
  86  13:49  Shield Battery x2  
  86  13:52  Probe (Chrono Boost)  
  87  13:57  Pylon  
  87  14:02  Probe (Chrono Boost)  
  88  14:07  Probe (Chrono Boost)  
  89  14:13  Stargate  
  89  14:17  Stargate  
  89  14:18  Probe  
  89  14:20  Protoss Air Weapons Level 2  
  89  14:21  Tempest (Chrono Boost)  
  89  14:23  Tempest (Chrono Boost)  
  95  14:30  Probe  
  99  14:40  Probe x2  
  99  14:41  Probe  
  102  14:52  Probe  
  96  14:53  Probe  
  87  15:03  Carrier (Chrono Boost)  
  85  15:11  Psionic Storm  
  79  15:20  Tempest (Chrono Boost)  
  79  15:25  High Templar  
  79  15:26  High Templar x2  
  95  15:31  Tempest (Chrono Boost)  
  95  15:32  Void Ray (Chrono Boost)  
  95  15:33  Stalker x2  
  95  15:34  Stalker  
  105  15:57  Carrier (Chrono Boost)  
  111  16:22  Stalker x3  
  111  16:23  Stalker x2  
  111  16:24  Stalker  
  72  17:05  Stalker  
  72  17:06  Stalker x2  
  72  17:07  Dark Templar x2  
  72  17:08  Dark Templar  
  79  17:11  Phoenix  
  76  17:30  Nexus  
  76  17:33  Assimilator  
  76  17:37  Assimilator  
  76  17:40  Pylon  
  76  17:43  Pylon x2, Stalker x3  
  76  17:44  Stalker  
  84  17:45  Pylon  
  84  17:47  High Templar  
  84  17:48  Pylon  
  84  17:49  Stalker  
  88  18:01  Void Ray  
  88  18:05  Shield Battery  
  88  18:06  Shield Battery  
  88  18:08  Shield Battery  
  88  18:11  Shield Battery  
  92  18:35  Photon Cannon  
  92  18:37  Photon Cannon  
  86  19:05  Archon  
Show
View Real Time Build Order
Export as new Build Order

DedMazay Zerg 

Build Orders: Hatch First 

Get SALT Encoding   

  12  0:12  Drone, Overlord  
  13  0:19  Drone  
  14  0:31  Drone  
  14  0:35  Drone  
  16  0:45  Drone  
  17  0:58  Drone  
  17  1:00  Extractor  
  17  1:01  Hatchery  
  16  1:06  Drone  
  17  1:22  Drone  
  17  1:23  Spawning Pool  
  17  1:32  Drone  
  18  1:47  Overlord  
  18  1:53  Drone  
  19  2:09  Metabolic Boost  
  19  2:10  Queen  
  19  2:11  Zergling x2  
  19  2:13  Queen  
  19  2:14  Drone  
  19  2:15  Drone  
  26  2:28  Drone x2  
  28  2:44  Baneling Nest  
  27  2:52  Zergling x6  
  27  2:53  Zergling x2  
  31  3:00  Zergling x4  
  31  3:05  Overlord  
  33  3:16  Zergling x4  
  35  3:21  Zergling x2  
  35  3:25  Zergling x6  
  39  3:28  Drone  
  39  3:29  Drone x3  
  43  3:44  Drone  
  44  3:49  Lair  
  44  3:50  Extractor, Roach Warren  
  44  3:55  Drone x2  
  42  4:15  Baneling x2  
  33  4:49  Zergling x12  
  33  4:50  Zergling x10  
  42  4:57  Glial Reconstitution  
  42  4:58  Roach  
  44  5:01  Overlord  
  44  5:10  Baneling x3  
  44  5:12  Baneling x2  
  44  5:20  Roach x2  
  48  5:22  Extractor, Overlord x2  
  48  5:23  Extractor  
  42  5:35  Baneling x3  
  41  5:39  Zergling x6  
  42  5:55  Drone x6  
  44  6:08  Roach x3  
  50  6:15  Roach  
  52  6:27  Roach x2  
  52  6:29  Roach  
  58  6:33  Baneling x2  
  58  6:45  Roach x3  
  58  6:46  Roach x2  
  65  6:57  Roach x3  
  65  7:01  Roach  
  67  7:03  Overlord  
  67  7:11  Zergling x2  
  67  7:12  Overlord x3  
  68  7:25  Roach x4  
  68  7:28  Overlord  
  76  7:34  Evolution Chamber  
  76  7:35  Evolution Chamber  
  76  7:36  Roach x2  
  78  7:40  Roach x3  
  78  7:41  Hatchery  
  78  7:43  Roach x2  
  83  7:57  Roach x3  
  83  7:58  Roach  
  83  8:07  Zergling x4  
  83  8:10  Baneling  
  83  8:11  Baneling  
  83  8:12  Zergling x4  
  89  8:20  Ravager x5  
  89  8:25  Drone x2  
  94  8:28  Drone  
  95  8:44  Drone  
  95  8:46  Drone x4  
  100  9:02  Overlord x3  
  100  9:03  Overlord x2  
  100  9:12  Overlord x2  
  100  9:13  Overlord  
  100  9:25  Baneling x8  
  100  9:27  Roach x4  
  106  9:56  Ravager x4  
  106  9:57  Ravager x6  
  116  10:05  Hydralisk Den  
  116  10:07  Drone x6  
  117  10:08  Drone x2  
  117  10:11  Extractor x2  
  121  10:17  Overseer x3  
  121  10:20  Hatchery  
  74  11:04  Hydralisk  
  74  11:05  Roach  
  74  11:06  Roach x4  
  74  11:07  Roach x5  
  69  11:25  Roach x3  
  72  11:26  Roach x3  
  72  11:29  Grooved Spines  
  72  11:32  Zerg Missile Weapons Level 1  
  78  11:34  Zerg Ground Armor Level 1  
  78  11:42  Drone x2  
  78  11:46  Hydralisk x3  
  84  11:48  Spore Crawler  
  84  11:50  Drone x2  
  87  11:54  Hydralisk  
  89  12:06  Hydralisk  
  89  12:07  Hydralisk x3  
  97  12:10  Drone x2  
  97  12:14  Queen  
  101  12:19  Drone x3  
  101  12:21  Drone  
  105  12:41  Muscular Augments  
  105  12:47  Overseer x3  
  105  12:49  Hydralisk x4  
  105  12:50  Hydralisk x3  
  119  12:59  Roach x3  
  119  13:00  Roach  
  125  13:19  Hydralisk x6  
  105  13:31  Hydralisk  
  105  13:32  Hydralisk x3  
  85  13:43  Hydralisk x3  
  85  13:44  Hydralisk x2  
  87  13:53  Drone x2  
  87  13:54  Drone x4  
  87  13:55  Drone  
  94  14:10  Extractor x2, Hydralisk x3  
  98  14:40  Overlord x3  
  98  14:41  Overlord x4  
  92  14:56  Roach  
  92  14:57  Roach x5  
  84  15:11  Hydralisk  
  84  15:12  Hydralisk x4  
  90  15:17  Hydralisk  
  92  15:27  Hydralisk x2  
  92  15:28  Hydralisk  
  98  15:31  Hydralisk  
  98  15:32  Hydralisk x5  
  98  15:33  Hydralisk x4  
  98  15:34  Hydralisk  
  120  15:38  Overlord  
  120  15:42  Overseer x3  
  120  15:45  Overlord  
  120  15:57  Drone  
  120  15:58  Drone x4  
  120  16:01  Hydralisk x3  
  131  16:15  Roach x4  
  131  16:16  Roach x2  
  109  16:50  Hydralisk  
  109  16:51  Hydralisk x13  
  119  17:08  Hydralisk x6  
  117  17:16  Hydralisk x2  
  117  17:17  Hydralisk  
  123  17:35  Hydralisk x5  
  123  17:36  Hydralisk x2  
  137  17:53  Zergling x2  
  137  17:54  Zergling x18  
  147  18:02  Overseer x2  
  147  18:03  Overseer x2  
  147  18:12  Pneumatized Carapace  
  147  18:22  Zergling x6  
  147  18:23  Zergling x4  
  152  18:50  Baneling x7  
  152  18:51  Baneling  
Show
View Real Time Build Order
Export as new Build Order

qqq Zerg - Winner!

Build Orders: Hatch First 

Get SALT Encoding   

  12  0:00  Drone  
  13  0:11  Drone  
  14  0:20  Overlord  
  15  0:50  Drone  
  15  0:52  Drone  
  15  0:53  Hatchery  
  15  1:09  Spawning Pool  
  14  1:16  Drone x2  
  16  1:29  Drone x2  
  18  1:42  Drone  
  18  1:44  Extractor  
  18  1:55  Drone  
  18  2:00  Drone  
  20  2:10  Drone  
  20  2:14  Queen  
  20  2:15  Queen  
  25  2:17  Drone  
  26  2:25  Overlord  
  26  2:27  Zergling x2  
  26  2:36  Zergling x2  
  27  2:38  Drone  
  28  2:44  Overlord  
  28  2:53  Drone x2  
  30  3:02  Metabolic Boost  
  30  3:10  Zergling x4  
  32  3:14  Baneling Nest  
  31  3:41  Hatchery  
  30  3:42  Lair  
  30  3:43  Drone  
  30  3:44  Drone  
  30  3:45  Drone x3  
  35  3:56  Zergling x2  
  35  3:57  Overlord x4  
  36  4:04  Spine Crawler  
  36  4:07  Zergling x6  
  32  4:15  Extractor, Baneling  
  32  4:16  Baneling  
  27  4:19  Zergling x2  
  27  4:20  Zergling x2  
  27  4:21  Zergling x2  
  30  4:27  Baneling  
  29  4:32  Zergling x2  
  29  4:37  Spore Crawler  
  27  5:01  Drone  
  27  5:02  Drone x3  
  31  5:08  Hatchery  
  30  5:15  Drone  
  30  5:16  Drone  
  32  5:31  Spire  
  32  5:32  Drone  
  32  5:33  Zergling x2  
  32  5:34  Zergling x2  
  28  5:54  Baneling x3  
  28  6:06  Zergling x6  
  28  6:07  Drone x2, Zergling x4  
  28  6:08  Drone  
  34  6:18  Drone x3  
  34  6:19  Drone  
  37  6:28  Queen  
  39  6:33  Drone x2  
  41  6:46  Mutalisk x2  
  45  6:47  Mutalisk  
  45  6:50  Drone  
  48  7:00  Mutalisk  
  50  7:01  Mutalisk  
  50  7:03  Drone x2  
  54  7:13  Drone x2  
  54  7:14  Drone  
  57  7:18  Extractor  
  57  7:19  Extractor  
  55  7:23  Overlord  
  55  7:26  Zerg Flyer Weapons Level 1  
  55  7:27  Drone x3  
  58  7:44  Extractor  
  57  7:45  Extractor  
  53  7:51  Mutalisk x2  
  53  8:04  Mutalisk  
  55  8:06  Drone x4  
  55  8:07  Drone x3  
  55  8:11  Drone  
  55  8:12  Overlord  
  63  8:13  Overlord x2  
  63  8:22  Drone x2  
  65  8:38  Infestation Pit  
  65  8:39  Corruptor  
  66  8:42  Hatchery  
  66  8:43  Mutalisk  
  67  9:00  Corruptor  
  67  9:01  Corruptor x2  
  73  9:03  Drone  
  73  9:08  Drone x2  
  76  9:11  Drone  
  76  9:15  Drone x2  
  79  9:21  Overlord  
  79  9:25  Drone x2  
  81  9:34  Hive  
  81  9:37  Drone x3  
  84  9:40  Corruptor  
  86  9:52  Corruptor  
  86  9:53  Corruptor  
  86  9:55  Mutalisk  
  86  9:57  Drone x2  
  94  10:02  Zerg Flyer Armor Level 1  
  94  10:05  Drone x2  
  94  10:06  Drone  
  97  10:08  Drone  
  97  10:09  Drone  
  99  10:21  Mutalisk, Corruptor  
  99  10:25  Overseer x2  
  99  10:26  Pneumatized Carapace  
  103  10:36  Spore Crawler  
  103  10:41  Mutalisk x3  
  103  10:42  Mutalisk x3  
  98  10:48  Mutalisk x2  
  92  10:55  Mutalisk  
  90  11:04  Overlord x5  
  86  11:20  Mutalisk  
  86  11:21  Mutalisk  
  88  11:30  Mutalisk  
  88  11:31  Mutalisk x3  
  92  11:44  Corruptor x2  
  96  11:59  Hatchery  
  96  12:00  Zergling x6  
  96  12:01  Zergling x2  
  99  12:02  Corruptor x2  
  99  12:14  Viper  
  98  12:17  Viper  
  98  12:18  Hatchery  
  100  12:26  Hatchery  
  99  12:34  Drone x2  
  99  12:35  Drone  
  102  12:37  Mutalisk x3  
  108  12:47  Zerg Flyer Weapons Level 2  
  108  13:02  Overseer  
  108  13:05  Spore Crawler  
  107  13:09  Hatchery  
  105  13:22  Mutalisk  
  105  13:23  Mutalisk x4  
  92  13:41  Mutalisk x3  
  92  13:43  Zergling x12  
  92  13:44  Drone x4  
  92  13:45  Drone x2  
  106  13:58  Drone x3  
  106  13:59  Corruptor  
  106  14:00  Mutalisk x2  
  106  14:01  Zergling x2  
  106  14:02  Zergling x4  
  118  14:12  Spore Crawler  
  118  14:13  Drone x4, Spine Crawler  
  118  14:14  Drone  
  121  14:17  Viper  
  121  14:19  Mutalisk  
  121  14:22  Zergling x10  
  121  14:23  Zergling x2  
  132  14:33  Mutalisk x2  
  132  14:34  Mutalisk  
  132  14:35  Drone x4  
  137  14:56  Corruptor x3  
  137  14:58  Drone x4  
  115  15:11  Mutalisk x2  
  115  15:12  Corruptor  
  115  15:13  Drone x3  
  115  15:14  Drone x6  
  127  15:17  Extractor  
  127  15:18  Extractor  
  127  15:19  Extractor x2  
  126  15:22  Extractor x2  
  126  15:28  Mutalisk, Corruptor  
  128  15:37  Queen  
  128  15:42  Zerg Flyer Armor Level 2  
  130  15:46  Extractor  
  130  15:47  Extractor  
  130  15:48  Drone, Spore Crawler x2  
  130  15:49  Drone x7  
  135  15:50  Drone x4  
  138  15:59  Viper  
  138  16:01  Drone x4  
  145  16:12  Overlord x5  
  145  16:13  Overlord x3  
  145  16:20  Drone  
  146  16:30  Queen  
  123  16:51  Mutalisk x3  
  123  16:52  Corruptor x6  
  123  16:54  Drone x4  
  134  17:12  Mutalisk x2, Corruptor  
  134  17:14  Drone x4  
  134  17:15  Drone x2, Zergling x10  
  151  17:32  Viper  
  151  17:33  Viper  
  151  17:34  Mutalisk x3  
  151  17:35  Mutalisk x2  
  167  17:40  Drone x5  
  167  17:42  Centrifical Hooks  
  172  17:51  Mutalisk x2  
  172  17:52  Drone x2  
  172  17:53  Drone  
  170  18:18  Mutalisk  
  170  18:19  Mutalisk x5  
  176  18:21  Mutalisk x3  
  176  18:25  Baneling x6  
  184  18:37  Drone x3  
  184  18:38  Drone x7  
  194  18:43  Overlord x4  
  194  18:44  Overlord  
Show
View Real Time Build Order
Export as new Build Order

Massa Terran - Winner!

Build Orders:  

Get SALT Encoding   

  12  0:00  SCV  
  13  0:18  SCV, Supply Depot  
  14  0:30  SCV  
  15  0:41  Barracks  
  15  0:44  SCV  
  15  0:48  Refinery  
  16  0:56  SCV  
  17  1:08  SCV  
  18  1:20  SCV  
  19  1:27  Marine  
  19  1:32  SCV  
  21  1:37  Command Center  
  21  1:44  SCV  
  21  1:45  Reaper  
  23  1:57  Orbital Command  
  23  2:12  Supply Depot  
  23  2:21  Barracks Reactor  
  23  2:34  SCV  
  24  2:40  Supply Depot  
  24  2:42  Factory  
  24  2:46  SCV  
  25  2:52  Orbital Command  
  25  2:58  SCV  
  26  2:59  Barracks  
  26  3:05  Marine  
  26  3:06  Marine  
  26  3:10  SCV  
  29  3:20  SCV  
  29  3:22  SCV  
  31  3:27  Factory Tech Lab  
  31  3:31  Barracks  
  31  3:32  SCV  
  32  3:34  SCV  
  33  3:44  SCV  
  33  3:46  SCV  
  35  3:50  Marine x2  
  35  3:52  Siege Tank  
  35  3:53  Marine  
  41  4:05  Bunker  
  41  4:06  Supply Depot  
  41  4:07  Supply Depot  
  41  4:08  Marine x2  
  42  4:10  Marine  
  42  4:11  Supply Depot  
  43  4:19  Marine  
  42  4:26  Marine  
  42  4:29  SCV x2  
  45  4:37  Marine  
  44  4:41  SCV, Engineering Bay  
  44  4:43  Supply Depot  
  45  4:46  Starport  
  45  4:52  Barracks Tech Lab  
  45  4:54  Marine  
  45  4:55  Marine x2  
  48  5:01  Widow Mine  
  50  5:12  Marine  
  50  5:13  Marine x2  
  48  5:22  Widow Mine  
  50  5:30  Marine  
  50  5:31  Marine x2  
  53  5:46  Missile Turret  
  53  5:48  Marine x2  
  56  5:50  Missile Turret x2  
  56  5:52  Marine  
  56  5:54  Marauder  
  56  5:56  Widow Mine  
  60  5:58  SCV x2  
  60  6:06  Marine  
  60  6:10  SCV x2, Marine  
  64  6:15  Marauder  
  64  6:18  Widow Mine  
  68  6:22  SCV x2  
  70  6:27  Marine  
  68  6:45  Marine  
  58  7:05  Siege Tank  
  53  7:08  Marine  
  53  7:09  Marine x2  
  53  7:11  Refinery  
  53  7:13  Refinery  
  53  7:14  SCV x2  
  55  7:16  Refinery  
  55  7:26  SCV, Marine  
  55  7:27  Marine x2  
  59  7:35  Stimpack  
  59  7:44  Marine x3  
  62  8:02  Marine x3  
  65  8:16  Barracks x2  
  65  8:19  Marine  
  65  8:20  SCV x2, Marine  
  65  8:21  Marauder  
  65  8:23  Barracks  
  71  8:28  Barracks  
  71  8:32  SCV  
  71  8:34  Terran Infantry Weapons Level 1  
  72  8:37  Armory, Marine  
  72  8:38  Marine  
  72  8:39  Factory  
  74  8:42  Marauder, Command Center  
  74  8:46  Cyclone  
  74  8:48  Missile Turret  
  79  8:53  Medivac  
  81  8:56  Marine  
  81  9:01  Barracks Reactor  
  82  9:03  Marauder  
  82  9:08  Missile Turret  
  82  9:09  Missile Turret  
  84  9:11  Barracks Tech Lab  
  84  9:13  Marine, Missile Turret  
  84  9:14  Marine, Combat Shield  
  86  9:20  Supply Depot  
  86  9:22  Supply Depot  
  86  9:23  Missile Turret, Supply Depot  
  86  9:24  Missile Turret  
  86  9:26  Missile Turret  
  86  9:31  Missile Turret  
  86  9:41  Marauder, Marine x4, Medivac  
  86  9:44  Marauder, Marine x2  
  101  9:45  Supply Depot  
  101  9:47  Supply Depot  
  101  9:52  Concussive Shells  
  101  9:55  Factory Tech Lab  
  101  9:59  Marine x3, Factory Reactor  
  102  10:01  Siege Tank  
  102  10:03  Marauder  
  102  10:05  Marauder  
  102  10:06  Barracks Reactor  
  108  10:17  Marine x3  
  111  10:24  Marine  
  112  10:33  Siege Tank  
  112  10:34  Marine  
  85  10:56  Marauder x2, Marine  
  84  10:57  Marine x6  
  86  11:05  Thor  
  78  11:14  Marine  
  78  11:15  Marine  
  78  11:17  Marauder  
  78  11:18  Marauder  
  75  11:27  Marine  
  75  11:28  Marine x4  
  75  11:31  SCV  
  75  11:32  Marine  
  81  11:33  SCV, Marine  
  81  11:39  Marauder x2  
  87  11:45  Widow Mine x2, Marine  
  87  11:46  Marine x4, Planetary Fortress  
  96  11:48  Siege Tank  
  99  12:00  Marauder  
  99  12:01  Marauder  
  103  12:06  Widow Mine x2  
  103  12:07  Marine x4  
  103  12:08  Marine x2  
  113  12:13  Terran Infantry Armor Level 1  
  113  12:16  Engineering Bay  
  113  12:20  SCV x2, Siege Tank  
  113  12:21  Marauder  
  113  12:22  Marauder  
  122  12:27  Medivac  
  124  12:32  SCV x2  
  126  12:43  Marauder x2  
  130  12:44  SCV  
  131  12:57  Medivac  
  89  13:20  Marauder  
  89  13:21  Marauder, Marine x7  
  71  13:35  Siege Tank  
  71  13:37  Widow Mine x2  
  71  13:38  Marine  
  71  13:39  SCV x3, Marine x6  
  86  13:41  Marauder  
  86  13:42  Marauder  
  86  13:44  Refinery  
  86  13:48  Refinery  
  90  13:58  Widow Mine  
  92  14:03  Marauder x2  
  92  14:07  Siege Tank  
  98  14:24  Marauder  
  98  14:25  Marauder  
  101  14:40  Siege Tank  
  104  14:46  Marauder x2  
  104  14:50  Marine  
  104  14:51  Marine x6  
  104  14:52  SCV x3  
  107  15:00  Command Center  
  107  15:04  SCV x2  
  106  15:07  Marauder x2  
  106  15:08  Marine  
  106  15:12  Siege Tank  
  114  15:21  Barracks Reactor, Barracks Tech Lab  
  114  15:23  Marine x4  
  114  15:26  Marine  
  114  15:28  Widow Mine x2, Marauder  
  125  15:29  Marauder  
  125  15:31  SCV x3  
  130  15:40  Missile Turret  
  130  15:43  SCV  
  130  15:44  Siege Tank  
  130  15:49  Widow Mine x2, Terran Infantry Armor Level 2, Terran Infantry Weapons Level 2  
  140  15:50  Marauder  
  140  15:51  Starport Reactor, Missile Turret  
  140  16:00  Supply Depot  
  140  16:01  Supply Depot  
  140  16:04  Supply Depot  
  140  16:12  Marauder x2, Missile Turret  
  144  16:20  Planetary Fortress  
  144  16:24  Supply Depot  
  141  16:33  Marauder x2  
  114  16:55  Marauder  
  114  17:00  Marauder x2, Marine  
  95  17:11  Widow Mine, Siege Tank  
  95  17:12  Widow Mine  
  100  17:16  Marauder, Medivac x2  
  100  17:21  Marauder  
  100  17:22  Marauder  
  110  17:27  Marine x5  
  110  17:28  Marine x2  
  110  17:29  SCV x3  
  121  17:30  SCV  
  121  17:33  Widow Mine  
  123  17:38  Marauder  
  123  17:43  Marauder x2, Siege Tank  
  132  17:46  Medivac x2  
  132  17:47  Refinery x2  
  132  17:50  Command Center  
  136  17:56  Barracks Tech Lab  
  136  17:58  Armory  
  136  17:59  Marauder  
  136  18:01  Widow Mine x2  
  136  18:02  Marine  
  136  18:04  Marauder x2  
  147  18:15  Siege Tank  
  147  18:16  Medivac  
  152  18:20  Marauder  
  152  18:23  Widow Mine  
  152  18:25  Marauder  
  152  18:26  Marauder  
  160  18:42  Marauder  
  160  18:43  Marauder, Marine x3  
  160  18:44  Marine x3  
  160  18:47  Marauder x2  
  174  19:01  Marine x4  
  166  19:03  Marauder  
  150  19:25  Missile Turret  
  150  19:27  Missile Turret  
Tags
 
Add a new tag
Caveats
  • Supply blocks, unpowered buildings, or Contaminate may cause inaccurate times.
  • Supply counts are checked every 10 seconds.